 Dungeon Crawl Stone Soup version 0.31-a0-700-gf13585253f (webtiles) character file.

Game seed: 8409845135676852139

1664 cforsyth the Ducker (level 9, -6/59 HPs)
             Began as a Djinni Chaos Knight on Sept 7, 2023.
             Was a Follower of Hepliaklqana.
             Killed from afar by an electric eel (13 damage)
             ... with a bolt of electricity
             ... on level 7 of the Dungeon.
             The game lasted 00:08:59 (5299 turns).

cforsyth the Ducker (Djinni Chaos Knight)           Turns: 5299, Time: 00:08:59

Health: -6/59      AC: 10    Str: 11    XL:     9   Next: 20%
Gold:   469        EV: 15    Int: 17    God:    Hepliaklqana [*.....] SH:  0 Dex: 20

rFire   + + .        y - +2 short sword (elec)
rCold   x . .        (no shield)
rNeg    . . .        b - +2 leather armour
rPois   ∞            n - +0 helmet
rElec   .            (no cloak)
rCorr   .            u - +2 pair of gloves
SInv    +            (boots unavailable)
Will    .....        d - amulet of regeneration
Stlth   +            g - +6 ring of dexterity
HPRegen 1.09/turn    o - ring of see invisible
MPRegen 0.00/turn

%: infuse magic (-7 HP)
@: flying
A: reduced essence, sickness immunity, fire resistance 2, cold vulnerability 1,
float, innate caster, HP casting, extra vitality 1
a: Renounce Religion, Recall Ancestor, Ancestor Identity


You were on level 7 of the Dungeon.
You worshipped Hepliaklqana.
Hepliaklqana was aware of your devotion.
You visited 2 branches of the dungeon, and saw 8 of its levels.

You collected 469 gold pieces.

Inventory:

Hand Weapons
 a - a +0 falchion of chaos
 f - a +1 short sword of draining
 y - a +2 short sword of electrocution (weapon)
Armour
 b - a +2 leather armour (worn)
 n - a +0 helmet (worn)
 u - a +2 pair of gloves (worn)
Jewellery
 d - an amulet of regeneration (around neck)
 g - a +6 ring of dexterity (left hand)
 o - a ring of see invisible (right hand)
Wands
 c - a wand of paralysis (3)
 r - a wand of iceblast (13)
Scrolls
 e - a scroll of brand weapon {unknown}
 h - a scroll of vulnerability {unknown}
 k - a scroll of enchant weapon
 p - 2 scrolls of silence {unknown}
 s - 2 scrolls of blinking {unknown}
 t - 2 scrolls of teleportation {unknown}
 v - 2 scrolls of amnesia {unknown}
 x - a scroll of poison {unknown}
 B - a scroll of enchant armour {unknown}
Potions
 i - 3 potions of curing
 j - a potion of brilliance {unknown}
 l - a potion of enlightenment
 m - 2 potions of cancellation
 q - 2 potions of resistance
 z - a potion of might {unknown}
 A - a potion of berserk rage {unknown}


   Skills:
 + Level 6.3 Fighting
 + Level 5.7 Long Blades
 + Level 5.5 Armour
 + Level 6.4 Dodging


You knew the following spells:

 Your Spells              Type           Power      Damage    Failure   Level
a - Slow                  Hex            0%         N/A       30%         1
b - Wereblood             Tmut           0%         N/A       41%         2
c - Lesser Beckoning      Tloc           0%         N/A       41%         2
d - Inner Flame           Hex/Fire       0%         N/A       65%         3
Your spell library was empty.

Dungeon Overview and Level Annotations

Branches:
Dungeon (7/15)             Temple (1/1) D:4

Altars:
Ashenzari
Dithmenos
Elyvilon
Fedhas
Gozag
Hepliaklqana
Makhleb
Nemelex Xobeh
Ru
Trog
Uskayaw
Wu Jian
Xom
Yredelemnul
Zin
The Shining One

Shops:
D:2 (

Annotations:
D:2 2 transporters
D:6 1 runed translucent door, Crazy Yiuf


Innate Abilities, Weirdness & Mutations

Your life essence is reduced to manifest your ancestor. (-10% HP)
You are immune to sickness and miasma.
You are immune to poison.
Your flesh is very heat resistant. (rF++)
You are vulnerable to cold. (rC-)
You float through the air rather than walking.
You learn spells naturally, not from books.
Your magical power is your life essence.
You have superior vitality. (+4 MHP)


Message History

The electric eel shoots out a bolt of lightning at you!
The bolt of electricity hits the orc!
The orc dies!
The bolt of electricity misses you. The killer bee closely misses you.
The killer bee stings you!
The killer bee stings you but does no damage.
A gnoll comes into view. It is wielding a +0 spear.
The killer bee misses you.
Njabulo emerges from the mists of memory!
The killer bee stings you but does no damage.
The killer bee closely misses you. The killer bee barely misses you.
The electric eel shoots out a bolt of lightning at you!
The bolt of electricity hits you! The bolt of electricity hits you.
The bolt of electricity misses the killer bee.
The bolt of electricity hits the orc!
The orc dies!
A gnoll sergeant comes into view. It is wielding a +0 trident.
The gnoll shouts!
The killer bee barely misses you.
Njabulo closely misses the electric eel.
The killer bee attacks as it pursues you!
The killer bee stings you! The killer bee misses you.
The killer bee stings Njabulo.
The electric eel shoots out a bolt of lightning at you!
The bolt of electricity hits the plant!
The plant begins to die.
The bolt of electricity hits you!
* * * LOW HITPOINT WARNING * * *
Njabulo hits the killer bee but does no damage.
The killer bee attacks as it pursues you!
The killer bee closely misses you.
The killer bee stings you but does no damage.
Njabulo misses the killer bee.
The killer bee stings you.
* * * LOW HITPOINT WARNING * * *
The killer bee barely misses you.
The electric eel shoots out a bolt of lightning at you!
The bolt of electricity hits the plant.
The bolt of electricity hits you!
You die...
Xom snickers!

##.#.♣♣ ~...
#.#..♣~~...~~~≈≈≈~
##.#..♣~~~..~~~~~~♣
......oKK.g).~~~~~#
####..##~..gyy~≈~~#
#..# #...gP~~~♣
#..###..)♣S~K~♣
#........♣RP~~###.#
##......oo~~y@....#
#########P~y######
##♣##


You could see the friendly Njabulo the ancestor, a gnoll sergeant, 4 killer
bees, an electric eel, an orc priest, 2 gnolls, an orc and a kobold.

Vanquished Creatures
  2 water moccasins
  Menkaure (D:6)
  An ogre (D:5)
  A phantom (D:4)
  A bullfrog (D:5)
  3 wights
  2 killer bees (D:7)
  2 hounds
  4 jellies
  An orc priest (D:6)
  Ijyb (D:3)
  2 iguanas
  An orc wizard (D:6)
  A sleepcap (D:4)
  3 gnolls (D:4)
  9 adders
  A shadow imp (D:7)
  An ufetubus (D:5)
  A worm (D:2)
  5 dart slugs
  18 orcs
  9 endoplasms
  A giant cockroach (D:1)
  8 goblins
  7 hobgoblins
  8 kobolds
  2 quokkas
  8 ball pythons
  5 bats
  4 frilled lizards (D:1)
  4 rats
117 creatures vanquished.

Vanquished Creatures (collateral kills)
  2 black bears (D:5)
  A scorpion (D:5)
  4 gnolls (D:5)
  An adder (D:2)
  A white imp (D:5)
  An ufetubus (D:5)
  An orc (D:7)
11 creatures vanquished.

Vanquished Creatures (others)
  An ancestor (D:7)
  2 orcs (D:7)
  A kobold (D:1)
4 creatures vanquished.

Grand Total: 132 creatures vanquished

Notes
Turn   | Place    | Note
-------+----------+-------------------------------------------
     0 | D:1      | cforsyth the Djinni Chaos Knight began the quest for the
                  | Orb.
     0 | D:1      | Reached XP level 1. HP: 20/20 MP: 0/0
    18 | D:1      | XOM: potion effect (brilliance)
   151 | D:1      | XOM: cloud trail
   207 | D:1      | Reached XP level 2. HP: 22/25 MP: 0/0
   226 | D:1      | a bat changed into a shapeshifter
   226 | D:1      | Noticed a shapeshifter (shapeshifter)
   227 | D:1      | a shapeshifter changed into a meliai
   227 | D:1      | Noticed a meliai (shapeshifter)
   344 | D:1      | Noticed a black bear
   420 | D:1      | Reached XP level 3. HP: 20/30 MP: 0/0
   420 | D:1      | Learned a level 1 spell: Slow
   565 | D:1      | Found a faded altar of an unknown god.
   761 | D:1      | XOM: god gift: 25 gold pieces
   840 | D:1      | Noticed a rime drake
   890 | D:2      | Found a transporter.
   892 | D:2      | Found Wyej's Antique Weapon Emporium.
   930 | D:2      | Found a transporter.
  1040 | D:2      | Reached XP level 4. HP: 25/35 MP: 0/0
  1333 | D:2      | XOM: scenery: 2 doors close
  1436 | D:2      | XOM: cast spell 'Call Canine Familiar'
  1675 | D:3      | XOM: smoke on damage
  1742 | D:3      | XOM: divination: detect creatures
  1811 | D:3      | Noticed Ijyb
  1824 | D:3      | Killed Ijyb
  1825 | D:3      | Reached XP level 5. HP: 36/41 MP: 0/0
  1825 | D:3      | Learned a level 2 spell: Wereblood
  2334 | D:4      | Found a staircase to the Ecumenical Temple.
  2352 | Temple   | Entered the Ecumenical Temple
  2439 | Temple   | Fell from the grace of Xom
  2439 | Temple   | Became a worshipper of Hepliaklqana the Forgotten
  2568 | D:4      | Reached XP level 6. HP: 46/47 MP: 0/0
  2806 | D:4      | XOM: summons 6 hostile demons
  3075 | D:4      | Reached XP level 7. HP: 33/53 MP: 0/0
  3075 | D:4      | Learned a level 2 spell: Lesser Beckoning
  3370 | D:4      | XOM: stat loss: -2 Str (9/11)
  3515 | D:5      | Entered Level 5 of the Dungeon
  3731 | D:5      | Reached skill level 5 in Fighting
  3823 | D:5      | Found a bloodstained altar of Trog.
  3828 | D:5      | Reached skill level 5 in Dodging
  3828 | D:5      | Reached XP level 8. HP: 59/59 MP: 0/0
  3838 | D:5      | Reached skill level 5 in Long Blades
  4112 | D:5      | XOM: summons 1 hostile shadow creature
  4164 | D:5      | XOM: noise
  4292 | D:6      | Noticed Menkaure
  4313 | D:6      | Killed Menkaure
  4414 | D:6      | Reached * piety under Hepliaklqana
  4479 | D:6      | Reached skill level 5 in Armour
  4658 | D:6      | Reached XP level 9. HP: 59/59 MP: 0/0
  4658 | D:6      | Learned a level 3 spell: Inner Flame
  4840 | D:6      | Found a runed translucent door.
  4841 | D:6      | Noticed Crazy Yiuf
  4914 | D:6      | XOM: god gift: potion of curing
  5184 | D:7      | XOM: noise
  5299 | D:7      | Killed from afar by an electric eel

Illustrated notes

Levels and vault maps discovered:
D:1:      erik_arrival_cave_to_civilisation [erik_arrival_cave_to_hall],
          layout_basic, shapermc_ecumenical_altar_notcrosses,
          hangedman_feature_mirror
D:2:      layout_basic, serial_shops, nicolae_shop_drivethru
D:3:      layout_loops_ring, uniq_ijyb
D:4:      minmay_general_purpose_star, layout_basic, temple_statues,
          kennysheep_small_square
D:5:      layout_basic, trog_ov_bears_minmay, grunt_ministairs_8
D:6:      layout_loops_cross, uniq_menkaure, uniq_crazy_yiuf_cottage
D:7:      layout_loops_ring, grunt_qazlal_sundering, serial_bayou_ford_a,
          feat_on_display
Temple:   minmay_crystal_spiral_temple

Skill      XL: |  1  2  3  4  5  6  7  8 |
---------------+-------------------------+-----
Long Blades    | 3 4 5 |  5.7
Armour         | 2 3 4 5 |  5.5
Dodging        | 3 4 5 6 |  6.4
Fighting       | 4 5 6 |  6.3

Action                     |  1- 3 |  4- 6 |  7- 9 || total
---------------------------+-------+-------+-------++-------
  Melee: Falchion          |    37 |       |       ||    37
         Punch             |     1 |       |     7 ||     8
         Short sword       |    59 |   226 |   291 ||   576
   Cast: Slow              |       |       |     1 ||     1
  Evoke: Wand              |       |     1 |     2 ||     3
    Use: Scroll            |       |     1 |    11 ||    12
   Stab: Sleeping          |     1 |     4 |     1 ||     6
 Armour: Leather armour    |    47 |   182 |   142 ||   371
  Dodge: Dodged            |    49 |   176 |   224 ||   449

Table legend: (Time is in decaauts)
 A = Elapsed time spent in this place.
 B = Non-inter-level travel time spent in this place.
 C = Inter-level travel time spent in this place.
 D = Time resting spent in this place.
 E = Time spent auto-exploring this place.
 F = Levels seen in this place.
 G = Mean time per level.
                   A        B        C        D        E       F      G
               +--------+--------+--------+--------+--------+-----+--------+
         Total |   5234 |   4876 |    358 |     76 |   3546 |   8 |  654.2 |
       Dungeon |   5059 |   4873 |    186 |     76 |   3546 |   7 |  722.7 |
        Temple |    174 |      2 |    172 |      0 |      0 |   1 |  174.0 |
               +--------+--------+--------+--------+--------+-----+--------+

Top non-repeatable levels by time:
     D:4: 1130 daAuts
     D:1: 858 daAuts
     D:2: 800 daAuts
     D:6: 792 daAuts
     D:5: 648 daAuts
     D:3: 632 daAuts
     D:7: 196 daAuts
  Temple: 174 daAuts
